 Dungeon Crawl Stone Soup version 0.30.0-11-gf55b779eaf (webtiles) character file.

Game seed: 493988153007479813

51 retardedninja the Firebug (level 3, -3/26 HPs)
             Began as a Gnoll Fire Elementalist on May 16, 2023.
             Slain by a gnoll
             ... wielding a +0 flail
              (6 damage)
             ... on level 2 of the Dungeon.
             The game lasted 00:02:02 (1361 turns).

retardedninja the Firebug (Gnoll Fire Elementalist) Turns: 1361, Time: 00:02:03

Health: -3/26      AC:  2    Str:  7    XL:     3   Next: 83%
Magic:  1/9        EV: 13    Int: 16    God:
Gold:   37         SH:  0    Dex: 12    Spells: 11/12 levels left

rFire   . . .        j - +0 quarterstaff (spect)
rCold   . . .        (shield currently unavailable)
rNeg    . . .        a - +0 robe
rPois   .            (no helmet)
rElec   .            (no cloak)
rCorr   .            (no gloves)
SInv    .            (no boots)
Will    .....        (no amulet)
Stlth   ++           (no ring)
HPRegen 0.24/turn    (no ring)
MPRegen 0.11/turn

%: no passive effects
@: no status effects
A: fangs 1, strong nose, distributed training
a: no special abilities


You were on level 2 of the Dungeon.
You visited 1 branch of the dungeon, and saw 2 of its levels.

You collected 37 gold pieces.

Inventory:

Hand Weapons
 j - a +0 spectral quarterstaff (weapon)
Armour
 a - a +0 robe (worn)
Jewellery
 l - a ring of protection from cold
Wands
 k - a wand of polymorph (10)
Scrolls
 c - a scroll of torment {unknown}
 e - 3 scrolls of identify {unknown}
 f - a scroll of fear {unknown}
 m - a scroll of acquirement {unknown}
Potions
 b - a potion of magic
 d - a potion of degeneration {unknown}
 g - a potion of invisibility {unknown}
 h - a potion of curing {unknown}
 i - a potion of heal wounds {unknown}


   Skills:
 + Level 1.0 Fighting
 + Level 1.0 Short Blades
 + Level 1.0 Long Blades
 + Level 1.0 Axes
 + Level 1.0 Maces & Flails
 + Level 1.0 Polearms
 + Level 1.0 Staves
 + Level 1.0 Ranged Weapons
 + Level 1.0 Throwing
 + Level 1.0 Armour
 + Level 4.6 Dodging
 + Level 4.2 Stealth
 + Level 1.0 Shields
 + Level 1.0 Unarmed Combat
 + Level 5.0 Spellcasting
 + Level 2.2 Conjurations
 + Level 0.7 Hexes
 + Level 0.7 Summonings
 + Level 0.7 Necromancy
 + Level 0.7 Translocations
 + Level 0.7 Transmutations
 + Level 5.4 Fire Magic
 + Level 0.7 Ice Magic
 + Level 0.7 Air Magic
 + Level 0.7 Earth Magic
 + Level 0.7 Poison Magic
 + Level 1.1 Invocations
 + Level 1.0 Evocations


You had 11 spell levels left.
You knew the following spells:

 Your Spells              Type           Power      Damage    Failure   Level
a - Foxfire               Conj/Fire      64%        2x1d7     3%          1

Your spell library contained the following spells:

 Spells                   Type           Power      Damage    Failure   Level
 Scorch                   Fire           42%        2d7       2%          2
 Inner Flame              Hex/Fire       14%        N/A       13%         3
 Volatile Blastmotes      Fire/Tloc      28%        2d12      13%         3
 Poisonous Vapours        Pois/Air       12%        N/A       17%         2
 Mephitic Cloud           Conj/Pois/Air  8%         N/A       26%         3
 Flame Wave               Conj/Fire      16%        2d7       30%         4
 Call Canine Familiar     Summ           6%         N/A       32%         3
 Portal Projectile        Hex/Tloc       12%        N/A       32%         3
 Leda's Liquefaction      Hex/Erth       3%         N/A       73%         4
 Freezing Cloud           Conj/Ice/Air   4%         6-21      94%         5


Dungeon Overview and Level Annotations

Branches:
Dungeon (2/15)

Altars:


Innate Abilities, Weirdness & Mutations

You have very sharp teeth.
Your uncanny sense of smell can sniff out nearby items.
Your experience applies equally to all skills.


Message History

The foxfire hits the gnoll.
The gnoll is severely wounded.
The foxfire hits the gnoll.
The gnoll is severely wounded.
The gnoll closely misses you.
Casting: Foxfire (safe; 3% risk of failure)
Press: ? - help, Q - select action, (/) - cycle Dir - look around, f - activate You conjure some foxfire!
The gnoll misses you.
The foxfire hits the gnoll.
You kill the gnoll!
The foxfire hits the gnoll.
The gnoll is moderately wounded.
Your Fighting skill increases to level 1!
Your Short Blades skill increases to level 1!
Your Long Blades skill increases to level 1!
Your Axes skill increases to level 1!
Your Maces & Flails skill increases to level 1!
Your Polearms skill increases to level 1!
Your Staves skill increases to level 1!
Your Ranged Weapons skill increases to level 1!
Your Throwing skill increases to level 1!
Your Armour skill increases to level 1!
Your Shields skill increases to level 1!
Your Unarmed Combat skill increases to level 1!
Your Evocations skill increases to level 1!
Unknown command.
You don't have enough magic to cast this spell.
The gnoll hits you with a +0 flail!
Unknown command.
The gnoll misses you.
You don't have enough magic to cast this spell.
Unknown command.
The gnoll hits you with a +0 flail!
* * * LOW HITPOINT WARNING * * *
You hit the gnoll but do no damage.
The gnoll is moderately wounded.
Your +0 spectral quarterstaff barely misses the gnoll.
The gnoll hits you with a +0 flail.
You die...

#.##ยง# # #######.##.##.#
#######.............#
#.......####.###.#######
#.#####.# #.##........#
#.####.##..#####.###
#....#.##..####....# #
#.##().....>.##..#.#
#.#####..)g@.##....).....#
#.......######.....##.#..#
####.#### ##...# #....#
#.# ##.## ###.## #g# # #)#
.g# #.# # #.## ##+##
#.#### #. ##...## #.....
#g ##.....## ####..


You could see a gnoll and a friendly +0 spectral quarterstaff.

Vanquished Creatures
  3 gnolls (D:2)
  A dart slug (D:2)
  A ball python (D:1)
  An endoplasm (D:1)
  A giant cockroach (D:1)
  4 goblins
  2 hobgoblins
  A bat (D:1)
  2 frilled lizards
  2 kobolds (D:2)
  3 rats
21 creatures vanquished.

Vanquished Creatures (others)
  99 foxfires
99 creatures vanquished.

Grand Total: 120 creatures vanquished

Notes
Turn   | Place    | Note
-------+----------+-------------------------------------------
     0 | D:1      | retardedninja the Gnoll Fire Elementalist began the quest
                  | for the Orb.
     0 | D:1      | Reached XP level 1. HP: 13/13 MP: 6/6
   463 | D:1      | Reached XP level 2. HP: 14/19 MP: 5/7
  1347 | D:2      | Reached skill level 5 in Spellcasting
  1347 | D:2      | Reached XP level 3. HP: 24/25 MP: 5/9
  1351 | D:2      | Reached skill level 1 in Invocations
  1357 | D:2      | Reached skill level 1 in Fighting
  1357 | D:2      | Reached skill level 1 in Short Blades
  1357 | D:2      | Reached skill level 1 in Long Blades
  1357 | D:2      | Reached skill level 1 in Axes
  1357 | D:2      | Reached skill level 1 in Maces & Flails
  1357 | D:2      | Reached skill level 1 in Polearms
  1357 | D:2      | Reached skill level 1 in Staves
  1357 | D:2      | Reached skill level 1 in Ranged Weapons
  1357 | D:2      | Reached skill level 1 in Throwing
  1357 | D:2      | Reached skill level 1 in Armour
  1357 | D:2      | Reached skill level 1 in Shields
  1357 | D:2      | Reached skill level 1 in Unarmed Combat
  1357 | D:2      | Reached skill level 1 in Evocations
  1361 | D:2      | Slain by a gnoll

Illustrated notes

Levels and vault maps discovered:
D:1:      scummos_arrival_simple_crosswalls, layout_loops_ring
D:2:      layout_loops_corners, basic_altar

Skill      XL: |  1  2  3 |
---------------+----------+-----
Conjurations   | 2 |  2.2
Spellcasting   | 5 |  5.0
Invocations    | 1 |  1.1
Fighting       | 1 |  1.0
Short Blades   | 1 |  1.0
Long Blades    | 1 |  1.0
Axes           | 1 |  1.0
Maces & Flails | 1 |  1.0
Polearms       | 1 |  1.0
Staves         | 1 |  1.0
Ranged Weapons | 1 |  1.0
Throwing       | 1 |  1.0
Armour         | 1 |  1.0
Shields        | 1 |  1.0
Unarmed Combat | 1 |  1.0
Evocations     | 1 |  1.0
Dodging        | |  4.6
Stealth        | |  4.2
Hexes          | |  0.7
Summonings     | |  0.7
Necromancy     | |  0.7
Translocations | |  0.7
Transmutations | |  0.7
Fire Magic     | |  5.4
Ice Magic      | |  0.7
Air Magic      | |  0.7
Earth Magic    | |  0.7
Poison Magic   | |  0.7

Action                     || total
---------------------------++-------
  Melee: Quarterstaff      ||     2
   Cast: Foxfire           ||    66
 Armour: Robe              ||     2
  Dodge: Dodged            ||    10
